[Event "Chinese Chess League Men 2019"]
[Site "Daqing"]
[Date "2019.06.23"]
[Round "5.4"]
[White "Yuan, Qingyu"]
[Black "Zhao, Zhouqiao CHN"]
[Result "1/2-1/2"]
[ECO "E12"]
[WhiteElo "2355"]
[BlackElo "2215"]
[Annotator "NA"]
[PlyCount "78"]
[EventDate "2019.06.19"]
[EventType "team-tourn"]
[EventCountry "CHN"]
[SourceTitle "playchess.com"]
[Source "ChessBase"]
[SourceQuality "1"]
[TimeControl "5400+30"]

1. Nf3 Nf6 2. c4 b6 3. Nc3 Bb7 4. d4 e6 5. a3 d5 6. cxd5 Nxd5 7. Qc2 Nxc3 8. bxc3 Be7 9. e4 O-O 10. Bd3 c5 11. O-O cxd4 12. cxd4 Qc8 13. Qe2 Ba6 14. Rd1 Bxd3 15. Rxd3 Nd7 16. Bg5 Bxg5 17. Nxg5 h6 18. Nf3 Qc7 19. Rad1 Rfe8 20. e5 Rac8 21. h4 Qc2 22. Qe3 b5 23. d5 exd5 24. Rxd5 Nb6 25. R5d2 Qc5 26. Qb3 Qc4 27. Qe3 Qc5 28. Qb3 Qc4 29. Qb1 Qc5 30. Rd6 a6 31. Qf5 Nc4 32. Rd7 Nxe5 33. Nxe5 Qxe5 34. Qxf7+ Kh8 35. f4 Qc5+ 36. Kh2 Qf8 37. R1d6 Qxf7 38. Rxf7 Rf8 39. Rxf8+ Rxf8 1/2-1/2

[Event "Chinese Chess League Men 2019"]
[Site "Daqing"]
[Date "2019.06.23"]
[Round "5.6"]
[White "Xiang, Zeyu"]
[Black "Li, Di"]
[Result "1-0"]
[ECO "D70"]
[WhiteElo "2432"]
[BlackElo "2535"]
[Annotator "ChessBase"]
[PlyCount "169"]
[EventDate "2019.06.19"]
[EventType "team-tourn"]
[EventCountry "CHN"]
[SourceTitle "playchess.com"]
[Source "ChessBase"]
[SourceQuality "1"]
[TimeControl "5400+30"]

1. d4 Nf6 2. c4 g6 3. f3 d5 4. cxd5 c6 5. dxc6 Nxc6 6. e3 e5 7. dxe5 Qa5+ 8. Nc3 Qxe5 9. Bb5 Bc5 10. Nge2 O-O 11. O-O Rd8 12. Qa4 Nb4 13. a3 Nbd5 14. Bc4 b5 15. Qxb5 Nxe3 16. Bxe3 Bxe3+ 17. Kh1 Qxb5 18. Bxb5 Be6 19. Rad1 Bb3 20. Rxd8+ Rxd8 21. Ba4 Bc4 22. Rd1 Rb8 23. b4 h5 24. h4 Rc8 25. Rd6 Be6 26. g3 Kg7 27. Kg2 Rc7 28. Nb5 Re7 29. Nbd4 Bc4 30. Bb5 Ne8 31. Rd8 Bxb5 32. Nxb5 Bb6 33. Rd2 Re3 34. Nbc3 Nc7 35. a4 a5 36. b5 Bc5 37. Ne4 Ne6 38. Rc2 Ba7 39. Ng5 Nc5 40. Nf4 Ra3 41. Re2 Kf8 42. Nd5 Nxa4 43. Re7 Ra2+ 44. Kf1 Ra1+ 45. Kg2 Ra2+ 46. Kh3 Bg1 47. Rxf7+ Ke8 48. g4 Rh2+ 49. Kg3 Re2 50. Nf6+ Kd8 51. gxh5 gxh5 52. Nge4 Bh2+ 53. Kh3 Be5 54. Nxh5 Nb6 55. Ra7 a4 56. Nc5 Rc2 57. Ne6+ Kc8 58. f4 Bb2 59. f5 Rc3+ 60. Kg4 Rc4+ 61. Kg5 a3 62. f6 Kb8 63. Ra6 Bc1+ 64. Nhf4 Nd5 65. f7 Bxf4+ 66. Kg6 Rc8 67. Rxa3 Bd6 68. Rf3 Kb7 69. h5 Rc1 70. f8=Q Rg1+ 71. Kf7 Bxf8 72. Kxf8 Rh1 73. Rf5 Nf6 74. Rxf6 Rxh5 75. Nd4 Rd5 76. Rf4 Re5 77. Rf5 Re4 78. Rd5 Kb6 79. Kf7 Re1 80. Kf6 Ka5 81. Kf5 Rh1 82. Rd6 Re1 83. Re6 Rh1 84. Ke4 Kb4 85. b6 1-0

[Event "Chinese Chess League Men 2019"]
[Site "Daqing"]
[Date "2019.06.23"]
[Round "5.7"]
[White "Liu, Guanchu"]
[Black "Zou, Chen"]
[Result "1/2-1/2"]
[ECO "B92"]
[WhiteElo "2462"]
[BlackElo "2415"]
[Annotator "ChessBase"]
[PlyCount "113"]
[EventDate "2019.06.19"]
[EventType "team-tourn"]
[EventCountry "CHN"]
[SourceTitle "playchess.com"]
[Source "ChessBase"]
[SourceQuality "1"]
[TimeControl "5400+30"]

1. e4 c5 2. Nf3 d6 3. d4 cxd4 4. Nxd4 Nf6 5. Nc3 a6 6. Be2 e5 7. Nf3 Be7 8. Bg5 O-O 9. Bxf6 Bxf6 10. Nd5 Be7 11. Nd2 Be6 12. Nc4 Bxd5 13. Qxd5 Qc7 14. O-O Nd7 15. Rfd1 Rad8 16. Ne3 Nf6 17. Qd3 Rfe8 18. c3 d5 19. Nxd5 Nxd5 20. exd5 Bd6 21. Qc4 Qe7 22. Bf1 e4 23. Re1 f5 24. Rad1 Qg5 25. Qd4 Be5 26. Qa4 Qh5 27. g3 f4 28. Rxe4 Rf8 29. Qc2 Bb8 30. Qe2 Qg5 31. Qd2 Qh5 32. Be2 Qh3 33. Bf1 Qh5 34. Qe2 Qg5 35. Rd3 fxg3 36. hxg3 Ba7 37. Rf3 Rxf3 38. Qxf3 Rf8 39. Rf4 Rxf4 40. Qxf4 Qxf4 41. gxf4 Bb8 42. Kg2 Bxf4 43. Kf3 Bc1 44. c4 Bxb2 45. c5 Bd4 46. c6 bxc6 47. dxc6 Bb6 48. Ke4 Kf7 49. Bxa6 Ke6 50. f3 Kd6 51. Bb5 Kc5 52. a4 Kd6 53. Kf5 Ba5 54. Ke4 Bb6 55. Kf5 Ba5 56. Ke4 Bb6 57. Kf5 1/2-1/2

[Event "Chinese Chess League Men 2019"]
[Site "Daqing"]
[Date "2019.06.23"]
[Round "5.10"]
[White "Bao, Qilin"]
[Black "Li, Shilong"]
[Result "1-0"]
[ECO "D77"]
[WhiteElo "2412"]
[BlackElo "2482"]
[Annotator "ChessBase"]
[PlyCount "77"]
[EventDate "2019.06.19"]
[EventType "team-tourn"]
[EventCountry "CHN"]
[SourceTitle "playchess.com"]
[Source "ChessBase"]
[SourceQuality "1"]
[TimeControl "5400+30"]

1. Nf3 Nf6 2. g3 d5 3. Bg2 g6 4. c4 Bg7 5. O-O O-O 6. d4 dxc4 7. Na3 c3 8. bxc3 c5 9. e3 Nc6 10. Qe2 Bf5 11. Bb2 Qb6 12. Rfe1 Be4 13. Nc4 Qa6 14. Bf1 Rfd8 15. Nfd2 Bd5 16. a4 cxd4 17. cxd4 b6 18. Red1 Ne4 19. Nxe4 Bxe4 20. a5 bxa5 21. Nxa5 Qb6 22. Nc4 Qb7 23. Ba3 Rdc8 24. Bc5 Nd8 25. Nd2 Bc6 26. Rab1 Qd7 27. Bg2 Bxg2 28. Kxg2 Ne6 29. Ba3 a5 30. Ne4 Qd5 31. Qf3 Kf8 32. Rb6 Rab8 33. Rdb1 Rxb6 34. Rxb6 a4 35. h4 h6 36. Ra6 Qb3 37. Nc5 Qxa3 38. Ra8 Re8 39. Nxe6+ 1-0

[Event "Chinese Chess League Men 2019"]
[Site "Daqing"]
[Date "2019.06.23"]
[Round "5.11"]
[White "Zhao, Chenxi"]
[Black "Qu, Yanqiao"]
[Result "1-0"]
[ECO "C60"]
[WhiteElo "2383"]
[BlackElo "2140"]
[Annotator "NA"]
[PlyCount "73"]
[EventDate "2019.06.19"]
[EventType "team-tourn"]
[EventCountry "CHN"]
[SourceTitle "playchess.com"]
[Source "ChessBase"]
[SourceQuality "1"]
[TimeControl "5400+30"]

1. e4 e5 2. Nf3 Nc6 3. Bb5 Nge7 4. c4 g6 5. Nc3 Bg7 6. d3 O-O 7. h3 d6 8. g4 Nd4 9. Nxd4 exd4 10. Ne2 c6 11. Ba4 d5 12. cxd5 cxd5 13. Nf4 b5 14. Bb3 Bb7 15. f3 Qd6 16. O-O Kh8 17. Bd2 Be5 18. Nxd5 Nxd5 19. Bxd5 Bxd5 20. exd5 Qxd5 21. Qb3 Qd7 22. Rac1 Rac8 23. Kg2 a6 24. Rfe1 Rxc1 25. Rxc1 Re8 26. Re1 Bc7 27. Qb4 Kg8 28. Qxd4 Rd8 29. Qxd7 Rxd7 30. Re8+ Kg7 31. Bc3+ Kh6 32. h4 g5 33. h5 Bd8 34. Bh8 Bb6 35. Ra8 Rxd3 36. Rxa6 Rd6 37. Bd4 1-0

[Event "Chinese Chess League Men 2019"]
[Site "Daqing"]
[Date "2019.06.23"]
[Round "5.12"]
[White "Hou, Yifan b"]
[Black "Lin, Peisen"]
[Result "1/2-1/2"]
[ECO "D76"]
[WhiteElo "1932"]
[BlackElo "1988"]
[Annotator "NA"]
[PlyCount "61"]
[EventDate "2019.06.19"]
[EventType "team-tourn"]
[EventCountry "CHN"]
[SourceTitle "playchess.com"]
[Source "ChessBase"]
[SourceQuality "1"]
[TimeControl "5400+30"]

1. d4 Nf6 2. Nf3 g6 3. c4 Bg7 4. g3 d5 5. Bg2 dxc4 6. Qa4+ Nfd7 7. Qxc4 Nb6 8. Qc2 Nc6 9. O-O O-O 10. e3 Bf5 11. e4 Bg4 12. d5 Bxf3 13. Bxf3 Nd4 14. Qd3 Nxf3+ 15. Qxf3 f5 16. Nc3 fxe4 17. Qxe4 Bxc3 18. bxc3 Qxd5 19. Qxe7 Rae8 20. Qg5 Rf5 21. Qg4 Qf3 22. Qb4 c5 23. Qb3+ c4 24. Qb4 h5 25. Qd6 Rf6 26. Qd4 Re4 27. Qd8+ Rf8 28. Qd6 Rf6 29. Qd8+ Rf8 30. Qd6 Rg4 31. h3 1/2-1/2

[Event "Chinese Chess League Men 2019"]
[Site "Daqing"]
[Date "2019.06.24"]
[Round "6.1"]
[White "Ma, Qun"]
[Black "Dai, Changren"]
[Result "1/2-1/2"]
[ECO "D37"]
[WhiteElo "2626"]
[BlackElo "2480"]
[Annotator "RC"]
[PlyCount "92"]
[EventDate "2019.06.19"]
[EventType "team-tourn"]
[EventCountry "CHN"]
[SourceTitle "playchess.com"]
[Source "ChessBase"]
[SourceQuality "1"]
[TimeControl "5400+30"]

1. d4 d5 2. c4 e6 3. Nc3 Be7 4. Nf3 Nf6 5. Bf4 O-O 6. e3 Nbd7 7. Be2 dxc4 8. O-O c5 9. dxc5 Bxc5 10. Bxc4 a6 11. a4 b6 12. Qe2 Bb7 13. Rad1 Bb4 14. Ne5 Bxc3 15. bxc3 Qc8 16. Nxd7 Nxd7 17. Rd6 Nc5 18. Be5 Kh8 19. Rfd1 f6 20. Bd4 e5 21. Bxc5 Qxc5 22. Rd7 Bc6 23. Qg4 Bxd7 24. Rxd7 Rg8 25. Bxg8 Rxg8 26. Qb4 h6 27. Qxc5 bxc5 28. Kf1 Rb8 29. Ra7 Rb3 30. c4 Rb4 31. Rxa6 Rxc4 32. a5 Rc2 33. Ra8+ Kh7 34. a6 Ra2 35. a7 h5 36. h4 c4 37. Ke1 c3 38. Kd1 e4 39. Kc1 Kg6 40. Kb1 Rb2+ 41. Kc1 Ra2 42. f3 Kf5 43. Kb1 Rb2+ 44. Kc1 Ra2 45. Kb1 Rb2+ 46. Kc1 Ra2 1/2-1/2

[Event "Chinese Chess League Men 2019"]
[Site "Daqing"]
[Date "2019.06.24"]
[Round "6.2"]
[White "Li, Yankai"]
[Black "Xiang, Zeyu"]
[Result "1/2-1/2"]
[ECO "E01"]
[WhiteElo "2432"]
[BlackElo "2432"]
[Annotator "NA"]
[PlyCount "60"]
[EventDate "2019.06.19"]
[EventType "team-tourn"]
[EventCountry "CHN"]
[SourceTitle "playchess.com"]
[Source "ChessBase"]
[SourceQuality "1"]
[TimeControl "5400+30"]

1. d4 d5 2. c4 e6 3. Nf3 Nf6 4. g3 Bb4+ 5. Nbd2 dxc4 6. a3 Bxd2+ 7. Bxd2 b5 8. a4 Bb7 9. axb5 O-O 10. Bg2 a6 11. bxa6 Nxa6 12. O-O c5 13. dxc5 Nxc5 14. Bb4 Qb6 15. Rxa8 Rxa8 16. Ba3 Nce4 17. Qc1 Bd5 18. Ne1 h6 19. Nc2 c3 20. bxc3 Nxc3 21. Qd2 Nce4 22. Qd3 Qb3 23. Be7 Qxd3 24. exd3 Nc3 25. Bxf6 gxf6 26. Bxd5 Nxd5 27. Rb1 Kg7 28. Rb2 Rd8 29. Kf1 Nc3 30. Rb3 Nd5 1/2-1/2

[Event "Chinese Chess League Men 2019"]
[Site "Daqing"]
[Date "2019.06.24"]
[Round "6.3"]
[White "Zou, Chen"]
[Black "Chu, Wei Chao"]
[Result "0-1"]
[ECO "D42"]
[WhiteElo "2415"]
[BlackElo "2374"]
[Annotator "NA RC"]
[PlyCount "125"]
[EventDate "2019.06.19"]
[EventType "team-tourn"]
[EventCountry "CHN"]
[SourceTitle "playchess.com"]
[Source "ChessBase"]
[SourceQuality "1"]
[TimeControl "5400+30"]

1. e4 c6 2. c4 d5 3. exd5 cxd5 4. d4 e6 5. Nf3 Nf6 6. Nc3 Nc6 7. cxd5 Nxd5 8. Bd3 Be7 9. O-O O-O 10. Bc2 b6 11. Qd3 g6 12. a3 Bb7 13. Bh6 Re8 14. Rfe1 Rc8 15. Bd2 Ncb4 16. Qe4 Nxc3 17. Qxb7 Nxc2 18. Bxc3 Nxa1 19. Rxa1 Qd5 20. Qa6 b5 21. Ne5 f6 22. Ng4 Qc6 23. Qa5 Qb6 24. Qxb6 axb6 25. Ne3 Kf7 26. Kf1 Rc7 27. Ke2 Ra8 28. Nc2 Rc4 29. Rd1 Rd8 30. Rd3 Ra4 31. Re3 Rd5 32. Kf3 h5 33. g3 g5 34. Ke2 g4 35. Rd3 Rd8 36. Re3 Rd7 37. Ke1 Ra8 38. Ke2 Rad8 39. Ne1 Rc8 40. Nd3 Bxa3 41. bxa3 Rxc3 42. Ne5+ fxe5 43. Rxc3 exd4 44. Rc6 d3+ 45. Kd2 Kf6 46. Rxb6 Rd5 47. Rb8 Ke5 48. Rf8 Kd4 49. Rf4+ Kc5 50. Re4 e5 51. Kc1 d2+ 52. Kd1 Kd6 53. Re2 Rd4 54. Rxd2 Kd5 55. Ke2 Rxd2+ 56. Kxd2 Kc4 57. Ke3 e4 58. Kxe4 Kb3 59. f4 gxf3 60. Kxf3 Kxa3 61. h4 b4 62. g4 hxg4+ 63. Kxg4 0-1

[Event "Chinese Chess League Men 2019"]
[Site "Daqing"]
[Date "2019.06.24"]
[Round "6.8"]
[White "Huang, Renjie"]
[Black "Zhao, Yuanhe"]
[Result "1/2-1/2"]
[ECO "C01"]
[WhiteElo "2327"]
[BlackElo "2444"]
[Annotator "NA RC"]
[PlyCount "59"]
[EventDate "2019.06.19"]
[EventType "team-tourn"]
[EventCountry "CHN"]
[SourceTitle "playchess.com"]
[Source "ChessBase"]
[SourceQuality "1"]
[TimeControl "5400+30"]

1. e4 e5 2. Nf3 Nf6 3. Nxe5 d6 4. Nf3 Nxe4 5. d3 Nf6 6. d4 d5 7. Bd3 Bd6 8. Qe2+ Be6 9. c4 O-O 10. c5 Be7 11. O-O b6 12. Ng5 Bg4 13. Qc2 h6 14. Nh7 Nxh7 15. Bxh7+ Kh8 16. cxb6 axb6 17. Bf5 Bxf5 18. Qxf5 $15 Nc6 19. Be3 Bf6 20. Rd1 Na5 21. Nc3 Nc4 22. Qxd5 Nxb2 23. Rd2 Na4 24. Qxd8 Rfxd8 25. Nxa4 Rxa4 26. Rc1 Rd7 27. g3 Be7 28. Bf4 Bg5 29. Bxg5 hxg5 30. Rc6 1/2-1/2

[Event "Chinese Chess League Men 2019"]
[Site "Daqing"]
[Date "2019.06.24"]
[Round "6.12"]
[White "Lin, Peisen"]
[Black "Yuan, Qingyu"]
[Result "1/2-1/2"]
[ECO "C95"]
[WhiteElo "1988"]
[BlackElo "2355"]
[Annotator "NA RC"]
[PlyCount "97"]
[EventDate "2019.06.19"]
[EventType "team-tourn"]
[EventCountry "CHN"]
[SourceTitle "playchess.com"]
[Source "ChessBase"]
[SourceQuality "1"]
[TimeControl "5400+30"]

1. e4 e5 2. Nf3 Nc6 3. Bb5 a6 4. Ba4 Nf6 5. O-O Be7 6. Re1 b5 7. Bb3 d6 8. c3 O-O 9. h3 Nb8 10. d4 Nbd7 11. Nbd2 Bb7 12. Bc2 Re8 13. b4 a5 14. a4 axb4 15. cxb4 bxa4 16. Rxa4 exd4 17. Nxd4 Bf8 18. Rxa8 Qxa8 19. Nb5 Qb8 20. Nc3 Bc6 21. Ba3 Qa7 22. Nc4 Ne5 23. Na5 Ba8 24. Nd5 Nfd7 25. Bb2 c6 26. Ne3 d5 27. Bc3 c5 28. exd5 cxb4 29. Bxe5 Nxe5 30. Nec4 Qb8 31. Ba4 Nf3+ 32. gxf3 Rxe1+ 33. Qxe1 Bxd5 34. Qe3 Be6 35. Bb3 Qd8 36. Nc6 Qh4 37. N4e5 Qxh3 38. Nd8 Qf5 39. Nxe6 fxe6 40. Nc6 Qg6+ 41. Kf1 Qb1+ 42. Kg2 Qg6+ 43. Kf1 Qb1+ 44. Ke2 Qb2+ 45. Ke1 Qb1+ 46. Ke2 Qb2+ 47. Kd1 Qb1+ 48. Kd2 Qb2+ 49. Ke1 1/2-1/2

[Event "Chinese Chess League Men 2019"]
[Site "Daqing"]
[Date "2019.06.25"]
[Round "7.2"]
[White "Xu, Yi"]
[Black "Li, Yankai"]
[Result "1-0"]
[ECO "C91"]
[WhiteElo "2526"]
[BlackElo "2432"]
[Annotator "ChessBase"]
[PlyCount "69"]
[EventDate "2019.06.19"]
[EventType "team-tourn"]
[EventCountry "CHN"]
[SourceTitle "playchess.com"]
[Source "ChessBase"]
[SourceQuality "1"]
[TimeControl "5400+30"]

1. e4 e5 2. Nf3 Nc6 3. Bb5 a6 4. Ba4 Nf6 5. O-O Be7 6. Re1 b5 7. Bb3 O-O 8. d4 d6 9. c3 Bg4 10. Be3 d5 11. exd5 exd4 12. Bxd4 Nxd4 13. cxd4 Bb4 14. Nc3 a5 15. a3 Bxc3 16. bxc3 a4 17. Ba2 Qd6 18. h3 Bxf3 19. Qxf3 Rfd8 20. c4 bxc4 21. Bxc4 g6 22. Re3 Re8 23. Rae1 Kg7 24. Re5 Rab8 25. g4 h6 26. h4 Rf8 27. g5 hxg5 28. hxg5 Nh5 29. Re7 Rb2 30. Qe4 Qxa3 31. d6 Qxd6 32. Bxf7 Nf4 33. Bxg6+ Kg8 34. Bh7+ Kh8 35. Qh1 1-0

[Event "Chinese Chess League Men 2019"]
[Site "Daqing"]
[Date "2019.06.25"]
[Round "7.4"]
[White "Xu, Yining"]
[Black "Zhao, Zhouqiao CHN"]
[Result "1-0"]
[ECO "C88"]
[WhiteElo "2359"]
[BlackElo "2215"]
[Annotator "NA"]
[PlyCount "95"]
[EventDate "2019.06.19"]
[EventType "team-tourn"]
[EventCountry "CHN"]
[SourceTitle "playchess.com"]
[Source "ChessBase"]
[SourceQuality "1"]
[TimeControl "5400+30"]

1. e4 e5 2. Nf3 Nc6 3. Bb5 a6 4. Ba4 Nf6 5. O-O Be7 6. d3 b5 7. Bb3 d6 8. a4 Bb7 9. Nbd2 O-O 10. Re1 Nd7 11. c3 Bf6 12. Nf1 Na5 13. Ba2 c5 14. Ne3 Nb6 15. b4 cxb4 16. cxb4 Nc6 17. a5 Nd7 18. Bd2 Ne7 19. Rc1 Rc8 20. Qb3 h6 21. h4 Kh7 22. Rxc8 Qxc8 23. Rc1 Qb8 24. h5 Ng8 25. Qc2 Bd8 26. Bd5 Ne7 27. Bxb7 Qxb7 28. Nh4 g6 29. Qb3 Nc6 30. Nf3 Ndb8 31. Ng4 g5 32. Qc2 f6 33. Ne3 Qf7 34. g4 Qe6 35. Nf5 Rf7 36. Qb2 Rc7 37. Nh2 Na7 38. Rxc7+ Bxc7 39. Nf1 Nac6 40. N1e3 Bd8 41. Nd5 Nd4 42. Be3 Nxf5 43. gxf5 Qe8 44. Bb6 Qxh5 45. Qc2 Qe8 46. Qc8 Qh5 47. Ne3 Be7 48. Qxb8 1-0

[Event "Chinese Chess League Men 2019"]
[Site "Daqing"]
[Date "2019.06.25"]
[Round "7.8"]
[White "Yuan, Qingyu"]
[Black "Lin, Yi"]
[Result "1/2-1/2"]
[ECO "D71"]
[WhiteElo "2355"]
[BlackElo "2396"]
[Annotator "NA"]
[PlyCount "42"]
[EventDate "2019.06.19"]
[EventType "team-tourn"]
[EventCountry "CHN"]
[SourceTitle "playchess.com"]
[Source "ChessBase"]
[SourceQuality "1"]
[TimeControl "5400+30"]

1. d4 Nf6 2. c4 g6 3. g3 c6 4. Bg2 d5 5. Qa4 Nfd7 6. cxd5 Nb6 7. Qd1 cxd5 8. Nc3 Nc6 9. e3 Bf5 10. Nh3 Bxh3 11. Bxh3 Bg7 12. b3 O-O 13. O-O e6 14. Ba3 Re8 15. Rc1 Nd7 16. Na4 Qa5 17. Bb2 Rac8 18. Bc3 Qc7 19. Bb2 Qa5 20. Bc3 Qc7 21. Bb2 Qa5 1/2-1/2

[Event "Chinese Chess League Men 2019"]
[Site "Daqing"]
[Date "2019.06.26"]
[Round "8.3"]
[White "Xiu, Deshun"]
[Black "Qu, Yanqiao"]
[Result "1-0"]
[ECO "E05"]
[WhiteElo "2538"]
[BlackElo "2140"]
[Annotator "RC"]
[PlyCount "89"]
[EventDate "2019.06.19"]
[EventType "team-tourn"]
[EventCountry "CHN"]
[SourceTitle "playchess.com"]
[Source "ChessBase"]
[SourceQuality "1"]
[TimeControl "5400+30"]

1. d4 d5 2. c4 e6 3. Nf3 Nf6 4. g3 Be7 5. Bg2 O-O 6. O-O dxc4 7. Ne5 Nc6 8. Bxc6 bxc6 9. Nxc6 Qe8 10. Nxe7+ Qxe7 11. Qc2 e5 12. Rd1 exd4 13. Rxd4 Be6 14. Nc3 Rfd8 15. Rxd8+ Rxd8 16. Bg5 h6 17. Bxf6 Qxf6 18. Rd1 Rb8 19. Rd2 Qe5 20. Qe4 Qc5 21. h4 a6 22. Kg2 Re8 23. Qd4 Qf5 24. Kg1 f6 25. Qa7 Qa5 26. Qb7 Kf7 27. Rd6 Bc8 28. Qd5+ Qxd5 29. Rxd5 Be6 30. Rc5 Rb8 31. Rxc7+ Kf8 32. Rc6 Ke7 33. Na4 Bd7 34. Rxc4 Bxa4 35. Rxa4 Rxb2 36. e4 Rb6 37. Ra5 g6 38. h5 Kf7 39. hxg6+ Kxg6 40. g4 Rb4 41. f3 Rb2 42. Kf1 Rc2 43. Rxa6 Kg5 44. a4 Ra2 45. a5 1-0

[Event "Chinese Chess League Men 2019"]
[Site "Daqing"]
[Date "2019.06.26"]
[Round "8.9"]
[White "Xu, Xiangyu"]
[Black "Dai, Changren"]
[Result "1/2-1/2"]
[ECO "E04"]
[WhiteElo "2583"]
[BlackElo "2480"]
[Annotator "RC"]
[PlyCount "50"]
[EventDate "2019.06.19"]
[EventType "team-tourn"]
[EventCountry "CHN"]
[SourceTitle "playchess.com"]
[Source "ChessBase"]
[SourceQuality "1"]
[TimeControl "5400+30"]

1. d4 Nf6 2. c4 e6 3. g3 d5 4. Bg2 dxc4 5. Nf3 a6 6. Ne5 Bb4+ 7. Nc3 Nd5 8. O-O Nxc3 9. bxc3 Bxc3 10. Rb1 Qxd4 11. Qa4+ b5 12. Qa3 Qxe5 13. Bf4 Qf6 14. Bxc7 b4 15. Rxb4 Bxb4 16. Qxb4 a5 17. Qb5+ Bd7 18. Qxc4 Ra6 19. Bxb8 Rb6 20. Bf4 Rb4 21. Qc7 Qd8 22. Qa7 Qb6 23. Qa8+ Qd8 24. Qa7 Qb6 25. Qa8+ Qd8 1/2-1/2

[Event "Chinese Chess League Men 2019"]
[Site "Daqing"]
[Date "2019.06.27"]
[Round "9.1"]
[White "Liu, Zexu"]
[Black "Yu, Yangyi"]
[Result "0-1"]
[ECO "A48"]
[WhiteElo "2121"]
[BlackElo "2738"]
[Annotator "RC"]
[PlyCount "84"]
[EventDate "2019.06.19"]
[EventType "team-tourn"]
[EventCountry "CHN"]
[SourceTitle "playchess.com"]
[Source "ChessBase"]
[SourceQuality "1"]
[TimeControl "5400+30"]

1. d4 Nf6 2. Nf3 e6 3. Bf4 b6 4. e3 Bb7 5. Be2 g6 6. O-O Bg7 7. Nbd2 O-O 8. h3 d6 9. c3 Nbd7 10. a4 a6 11. Nc4 Qe7 12. Bh2 Rfd8 13. Qb3 h5 14. Rfd1 Nh7 15. Bg3 Ndf6 16. Ncd2 a5 17. Qc2 Nd7 18. e4 e5 19. Bd3 Bf6 20. h4 Nhf8 21. Nc4 Ne6 22. Bf1 Bg7 23. Ne3 Nf6 24. dxe5 Nxe4 25. exd6 cxd6 26. Bh2 d5 27. Bd3 N4c5 28. Re1 d4 29. Nxd4 Nxd4 30. cxd4 Nxd3 31. Qxd3 Rxd4 32. Qb5 Rb4 33. Qd3 Rd8 34. Nd5 Qxh4 35. Nxb4 Rxd3 36. Nxd3 Qg4 37. Re8+ Kh7 38. Ne1 h4 39. Rc1 h3 40. Re3 hxg2 41. Rc7 Bd5 42. Rg3 Qe2 0-1

[Event "Chinese Chess League Men 2019"]
[Site "Daqing"]
[Date "2019.06.27"]
[Round "9.4"]
[White "Yuan, Qingyu"]
[Black "Xie, Kaifan"]
[Result "1-0"]
[ECO "D38"]
[WhiteElo "2355"]
[BlackElo "1969"]
[Annotator "RC"]
[PlyCount "99"]
[EventDate "2019.06.19"]
[EventType "team-tourn"]
[EventCountry "CHN"]
[SourceTitle "playchess.com"]
[Source "ChessBase"]
[SourceQuality "1"]
[TimeControl "5400+30"]

1. Nf3 Nf6 2. c4 e6 3. Nc3 d5 4. d4 Bb4 5. Qa4+ Nc6 6. e3 O-O 7. Bd2 Bd7 8. Qc2 Ne7 9. a3 Bxc3 10. Bxc3 dxc4 11. Bxc4 Bc6 12. Qe2 Ne4 13. Rc1 Nxc3 14. Rxc3 Nf5 15. O-O Bxf3 16. Qxf3 c6 17. Bd3 Ne7 18. b4 Rc8 19. Rfc1 Qd7 20. h4 h6 21. Qe4 f5 22. Qe5 Qd5 23. Qf4 Kh8 24. b5 Qd7 25. bxc6 Rxc6 26. Bb5 Nd5 27. Bxc6 bxc6 28. Qe5 Nxc3 29. Rxc3 Rc8 30. a4 Kg8 31. a5 Kf7 32. Rb3 Qc7 33. Qc5 Rb8 34. Rxb8 Qxb8 35. Qxc6 Qb1+ 36. Kh2 Qa2 37. Qc7+ Kf6 38. Kg3 Qe2 39. Qxa7 Qg4+ 40. Kh2 Qxh4+ 41. Kg1 Qg4 42. g3 Qd1+ 43. Kg2 Qb1 44. Qa8 Qb5 45. a6 Qa4 46. Qb7 g5 47. a7 h5 48. a8=Q Qxa8 49. Qxa8 h4 50. Qf8+ 1-0